 Dungeon Crawl Stone Soup version 0.28.0-53-g5a82cb258f (webtiles) character file.

Game seed: 4266437675279644364

2426 Peloso the Protected (level 9, 0/78 HPs)
             Began as a Minotaur Fighter on June 20, 2022.
             Was a Priest of Okawaru.
             Slain by Harold
             ... wielding a +0 short sword
              (12 damage)
             ... on level 7 of the Dungeon.
             The game lasted 00:13:04 (6780 turns).

Peloso the Protected (Minotaur Fighter)             Turns: 6780, Time: 00:13:05

Health: 0/78       AC: 14    Str: 22    XL:     9   Next: 24%
Magic:  6/8        EV: 14    Int:  5    God:    Okawaru [***...]
Gold:   403        SH:  7    Dex: 13    Spells: 8/8 levels left

rFire   + . .      SeeInvis .   a - +2 long sword (vorpal)
rCold   . . .      Faith    .   c - +0 buckler
rNeg    . . .      Spirit   .   i - +1 scale mail
rPois   .          Reflect  .   (helmet restricted)
rElec   .          Harm     .   (no cloak)
rCorr   .          Rampage  .   (no gloves)
Will    .....                   (no boots)
Stlth   ++........              (no amulet)
HPRegen 0.23/turn               l - +4 ring of protection
MPRegen 0.11/turn               q - ring of protection from fire

@: heroic
A: horns 2, retaliatory headbutt
a: Renounce Religion, Heroism


You were on level 7 of the Dungeon.
You worshipped Okawaru.
Okawaru was most pleased with you.
You visited 1 branch of the dungeon, and saw 7 of its levels.
You also visited: Sewer.

You collected 439 gold pieces.
You spent 36 gold pieces at shops.

Inventory:

Hand Weapons
 a - a +2 vorpal long sword (weapon)
 b - the +7 dagger of Due Proportion {venom, Dex+4}
   (You found it on level 2 of the Dungeon)

   It poisons the flesh of those it strikes.
   Dex:       It affects your dexterity (+4).
Missiles
 s - 2 throwing nets (quivered)
Armour
 c - a +0 buckler (worn)
 i - a +1 scale mail (worn)
Jewellery
 l - a +4 ring of protection (left hand)
 o - an amulet of reflection
 q - a ring of protection from fire (right hand)
Wands
 n - a wand of flame (33)
Scrolls
 e - a scroll of amnesia
 f - a scroll of teleportation
 g - a scroll of magic mapping {unknown}
 h - a scroll of acquirement {unknown}
 m - a scroll of fog
 p - 3 scrolls of identify
 r - a scroll of enchant armour
 y - a scroll of fear
Potions
 d - 2 potions of might
 j - 2 potions of flight
 k - 2 potions of mutation
 t - 2 potions of curing
 u - 2 potions of haste {unknown}
 v - a potion of cancellation {unknown}
 w - 4 potions of degeneration {unknown}
 x - 2 potions of lignification {unknown}
 z - a potion of heal wounds {unknown}
 A - a potion of magic {unknown}


   Skills:
 + Level 6.6(11.6) Fighting
 + Level 6.5(12.0) Short Blades
 + Level 4.1(11.1) Long Blades
 + Level 8.4(13.4) Armour
 + Level 4.6(9.6) Dodging
 + Level 0.9(5.9) Stealth
 + Level 7.1(12.1) Shields


You had 8 spell levels left.
You didn't know any spells.
Your spell library contained the following spells:

 Spells                   Type           Power      Damage    Failure   Level
 Beastly Appendage        Tmut           0%         N/A       78%         1
 Magic Dart               Conj           0%         1d3       78%         1
 Slow                     Hex            0%         N/A       78%         1
 Searing Ray              Conj           0%         2d4       89%         2
 Wereblood                Tmut           0%         N/A       89%         2
 Confusing Touch          Hex            0%         N/A       98%         3
 Spider Form              Tmut/Pois      0%         N/A       98%         3
 Vampiric Draining        Necr           0%         2d6       98%         3
 Fulminant Prism          Conj/Hex       0%         3d6       100%        4


Dungeon Overview and Level Annotations

Branches:
Dungeon (7/15)             Temple (0/1) D:4           Sewer (visited)

Altars:
Ashenzari
Cheibriados
Nemelex Xobeh
Okawaru
The Shining One

Shops:
D:2 =   D:7 *

Annotations:
D:5 3 runed translucent doors, kalagan's ghost, novice DECj
D:7 Harold


Innate Abilities, Weirdness & Mutations

You have a pair of horns on your head.
You reflexively headbutt those who attack you in melee.


Message History

You kill the ogre!
Okawaru accepts your kill. Harold fires a harpoon shot at you.
The harpoon shot hits you but does no damage.
Okay, then.
Harold throws a throwing net.
The throwing net hits you.
You become entangled in the net!
Things that are here:
a throwing net; a +0 giant club; an ogre corpse You struggle against the net.
You struggle against the net.
Harold fires a harpoon shot at you. The harpoon shot hits you.
You are yanked forward by the harpoon shot.
You hit Harold but do no damage. You headbutt Harold, but do no damage.
You block Harold's attack.
You hit Harold but do no damage. You block Harold's attack.
You barely miss Harold. Harold hits you with a +0 short sword!
You hit Harold.
Harold is lightly wounded.
Harold hits you with a +0 short sword.
You barely miss Harold.
Harold is lightly wounded.
Harold hits you with a +0 short sword. x2
You barely miss Harold.
Harold is lightly wounded.
Harold hits you with a +0 short sword!
* * * LOW HITPOINT WARNING * * *
You closely miss Harold. Your headbutt misses Harold.
Harold is lightly wounded.
Harold hits you with a +0 short sword!
* * * LOW HITPOINT WARNING * * *
You feel better. Harold hits you with a +0 short sword!
* * * LOW HITPOINT WARNING * * *
You gain the combat prowess of a mighty hero.
Harold closely misses you.
You feel better. Harold hits you with a +0 short sword.
* * * LOW HITPOINT WARNING * * *
You closely miss Harold. Harold hits you with a +0 short sword!
You die...

####.# #....###
###......
##.......###
#..........
#........#
#....########.#
#.....(@@.....#
##.############
#.###.########
#............#### .#
#####.#####.....##.##
#.......#.......#
#######.........#
##........#
####...>....#


You could see Harold.

Vanquished Creatures
  Eustachio (D:5)
  A water moccasin (D:6)
  2 black bears
  A necrophage (D:4)
  5 ogres
  3 phantoms
  2 bullfrogs (Sewer)
  2 scorpions
  A water moccasin skeleton (D:4)
  A bullfrog zombie (D:6)
  3 orc priests
  A centaur zombie (D:6)
  3 hounds
  2 jellies
  A bullfrog skeleton (D:6)
  Ijyb (D:3)
  2 iguanas (D:5)
  3 orc wizards
  3 hound skeletons
  13 adders
  7 gnolls
  7 river rats (Sewer)
  A shadow imp (D:5)
  2 white imps (D:6)
  2 ufetubi
  An adder skeleton (D:4)
  4 dart slugs
  4 worms
  11 orcs
  8 endoplasms
  4 giant cockroaches
  16 goblins
  10 hobgoblins
  9 jackals
  11 kobolds
  3 quokkas
  26 ball pythons
  8 bats
  4 frilled lizards
  33 rats
222 creatures vanquished.

Notes
Turn   | Place    | Note
-------+----------+-------------------------------------------
     0 | D:1      | Peloso the Minotaur Fighter began the quest for the Orb.
     0 | D:1      | Reached XP level 1. HP: 19/19 MP: 0/0
   102 | D:1      | Found a faded altar of an unknown god.
   107 | D:1      | Reached XP level 2. HP: 27/27 MP: 1/1
   286 | D:1      | Reached skill level 4 in Armour
   406 | D:1      | Reached XP level 3. HP: 33/33 MP: 2/2
   735 | D:2      | Found Yfoly's Jewellery Emporium.
   856 | D:2      | Reached skill level 1 in Dodging
  1031 | D:2      | Found an iron altar of Okawaru.
  1046 | D:2      | Became a worshipper of Warmaster Okawaru
  1224 | D:2      | Reached XP level 4. HP: 41/41 MP: 3/3
  1248 | D:2      | Identified the +7 dagger of Due Proportion {venom, Dex+4}
  2040 | D:3      | Noticed Ijyb
  2047 | D:3      | Killed Ijyb
  2048 | D:3      | Reached XP level 5. HP: 46/47 MP: 4/4
  2354 | D:3      | Found a sparkling altar of Nemelex Xobeh.
  2363 | D:3      | Found a broken altar of Ashenzari.
  2447 | D:3      | Found an iron altar of Okawaru.
  2464 | D:3      | Reached skill level 5 in Fighting
  2469 | D:3      | Reached skill level 1 in Short Blades
  2813 | D:4      | Noticed a phantom
  2826 | D:4      | Killed a phantom
  2826 | D:4      | Reached * piety under Okawaru
  2827 | D:4      | Reached XP level 6. HP: 52/56 MP: 5/5
  2844 | D:4      | Reached skill level 5 in Armour
  2977 | D:4      | Found a staircase to the Ecumenical Temple.
  3072 | D:4      | Reached skill level 6 in Armour
  3072 | D:4      | Reached XP level 7. HP: 42/61 MP: 6/6
  3295 | D:5      | Entered Level 5 of the Dungeon
  3300 | D:5      | Found a runed translucent gate.
  3300 | D:5      | Found a runed translucent gate.
  3300 | D:5      | Found a runed translucent gate.
  3317 | D:5      | Noticed kalagan's ghost (novice DECj)
  3390 | D:5      | Reached ** piety under Okawaru
  3425 | D:5      | Found a glowing drain.
  3436 | Sewer    | Entered a sewer
  3599 | Sewer    | Reached skill level 5 in Shields
  3786 | Sewer    | Reached skill level 7 in Armour
  4278 | D:5      | Found a glowing golden altar of the Shining One.
  4363 | D:5      | Reached XP level 8. HP: 70/70 MP: 7/7
  4588 | D:5      | Noticed Eustachio
  4626 | D:5      | Reached skill level 5 in Short Blades
  4662 | D:5      | Killed Eustachio
  4662 | D:5      | Reached *** piety under Okawaru
  5071 | D:4      | Reached skill level 8 in Armour
  5359 | D:6      | Reached XP level 9. HP: 56/78 MP: 8/8
  5727 | D:6      | Found a snail-covered altar of Cheibriados.
  6729 | D:7      | Found Zacupor's Assorted Antiques.
  6737 | D:7      | Bought 2 fizzy white potions for 36 gold pieces
  6763 | D:7      | Noticed Harold
  6780 | D:7      | Slain by Harold

Illustrated notes

Levels and vault maps discovered:
D:1:      dpeg_arrival_court, layout_rooms, ebering_ecumenical_altar_hall,
          nicolae_wormholes
D:2:      layout_basic, basic_altar, serial_shops, shop
D:3:      kennysheep_goblin_castle, layout_loops_ring, okawaru_gym_becter,
          mainiacjoe_overflow_large_starburst
D:4:      minmay_chambers_of_twos, layout_rooms,
          minmay_temple_entry_statues_pillars
D:5:      layout_basic, tso_altar, portal_sewer_entry_d,
          gammafunk_ghost_necromancy, chequers_jeans, uniq_eustachio
D:6:      layout_gridville, kennysheep_slug_shrine, palyth_stone_intersect
D:7:      layout_loops_ring, serial_shops, shop, uniq_duvessa, uniq_harold

Skill      XL: |  1  2  3  4  5  6  7  8  9 |
---------------+----------------------------+-----
Fighting       | 4 5 6 |  6.6
Shields        | 4 5 6 7 |  7.1
Armour         | 4 6 7 8 |  8.4
Dodging        | 1 2 3 4 |  4.6
Long Blades    | 3 4 |  4.1
Short Blades   | 2 3 4 5 6 |  6.5
Stealth        | |  0.9

Action                   |  1- 3 |  4- 6 |  7- 9 || total
-------------------------+-------+-------+-------++-------
Melee: Long sword        |    89 |     5 |    24 ||   118
       Headbutt          |    11 |    17 |    59 ||    87
       Dagger            |       |   100 |   266 ||   366
Invok: Heroism           |       |       |     1 ||     1
  Use: Scroll            |       |       |    11 ||    11
       Potion            |       |       |     2 ||     2
Armor: Scale mail        |    53 |    50 |   142 ||   245
Dodge: Dodged            |    48 |    47 |   182 ||   277
Block: Buckler           |    11 |    35 |    90 ||   136
